 Dungeon Crawl Stone Soup version 0.29.1-15-g9cfb28693d (webtiles) character file.

Game seed: 11248945926160529265

1610 LLlMATKO the Trooper (level 8, -1/73 HPs)
             Began as a Minotaur Berserker on Apr 29, 2023.
             Was a Priest of Trog.
             Slain by a gnoll
             ... wielding a +0 spear
             ... led by a gnoll sergeant
              (4 damage)
             ... on level 6 of the Dungeon.
             The game lasted 00:04:47 (5937 turns).

LLlMATKO the Trooper (Minotaur Berserker)           Turns: 5937, Time: 00:04:48

Health: -1/73      AC: 10    Str: 17    XL:     8   Next: 63%
Magic:  7/7        EV:  9    Int:  6    God:    Trog [***...]
Gold:   235        SH:  0    Dex: 12    Spells: 7/7 levels left

rFire   . . .      SeeInvis .   e - +2 war axe (vorpal)
rCold   . . .      Faith    .   (no shield)
rNeg    . . .      Spirit   .   j - +0 chain mail of Ashenzari, Kissing {rPois rCorr Str-5 Int+2}
rPois   +          Reflect  .   (helmet restricted)
rElec   .          Harm     .   (no cloak)
rCorr   +          Rampage  .   (no gloves)
Will    .....                   (no boots)
Stlth   ..........              (no amulet)
HPRegen 0.22/turn               (no ring)
MPRegen 0.10/turn               (no ring)

@: about to teleport
A: horns 2, retaliatory headbutt
a: Renounce Religion, Berserk, Trog's Hand


You were on level 6 of the Dungeon.
You worshipped Trog.
Trog was most pleased with you.
You visited 1 branch of the dungeon, and saw 6 of its levels.

You collected 235 gold pieces.

Inventory:

Hand Weapons
 e - a +2 vorpal war axe (weapon)
 o - a +1 hand axe of flaming
 v - a +2 whip of electrocution
Missiles
 y - 2 boomerangs (quivered)
Armour
 j - the +0 chain mail of Ashenzari, Kissing (worn) {rPois rCorr Str-5 Int+2}
   (You found it on level 2 of the Dungeon)

   Str:       It affects your strength (-5).
   Int:       It affects your intelligence (+2).
   rPois:     It protects you from poison.
   rCorr:     It protects you from acid and corrosion.
Jewellery
 s - a +4 ring of slaying
 w - a ring of positive energy
Wands
 h - a wand of flame (18)
Scrolls
 a - a scroll of brand weapon
 c - 2 scrolls of teleportation
 d - 11 scrolls of identify {unknown}
 p - a scroll of amnesia {unknown}
 q - a scroll of poison {unknown}
 r - a scroll of enchant weapon {unknown}
 t - a scroll of vulnerability {unknown}
Potions
 f - 2 potions of attraction {unknown}
 g - a potion of mutation {unknown}
 i - 5 potions of curing {unknown}
 l - a potion of magic {unknown}
 m - a potion of might {unknown}
 n - 2 potions of degeneration {unknown}
 u - a potion of heal wounds {unknown}
 x - a potion of flight {unknown}


   Skills:
 + Level 7.5 Fighting
 + Level 7.4 Axes
 + Level 6.9 Armour
 + Level 6.4 Dodging


You had 7 spell levels left.
You didn't know any spells.
Your spell library was empty.

Dungeon Overview and Level Annotations

Branches:
Dungeon (6/15)
 Temple: D:4-7

Altars:
Ashenzari
Fedhas
Okawaru


Innate Abilities, Weirdness & Mutations

You have a pair of horns on your head.
You reflexively headbutt those who attack you in melee.


Message History

The gnoll shouts!
You hear a shout! x4
An ufetubus, a gnoll sergeant and 2 gnolls come into view.
The gnoll sergeant is wielding a +3 vorpal spear.
The ufetubus shouts!
The gnoll sergeant shouts!
The gnoll shouts! x2
A howler monkey comes into view.
The gnoll throws a throwing net.
The throwing net barely misses you.
The gnoll sergeant moves out of view.
You recover from your berserk rage.
The gnoll bouda closely misses you.
As you read the scroll of teleportation, it crumbles to dust.
You feel strangely unstable.
The gnoll bouda barks out a call to the hunt!
The gnoll picks up the pace!
You hit the gnoll bouda but do no damage.
You headbutt the gnoll bouda.
The gnoll bouda is heavily wounded.
You closely miss the ufetubus. You slash the gnoll!
The ufetubus barely misses you. x2; The gnoll hits you but does no damage.
The gnoll bouda hits you but does no damage.
The ufetubus hits you.
* * * LOW HITPOINT WARNING * * *
The ufetubus hits you but does no damage.
The gnoll closely misses you.
You barely miss the gnoll bouda.
The gnoll bouda is heavily wounded.
You barely miss the ufetubus. You hit the gnoll but do no damage.
The gnoll is no longer moving quickly.
The ufetubus hits you but does no damage.
The ufetubus closely misses you. The gnoll hits you with a +0 whip.
* * * LOW HITPOINT WARNING * * *
The gnoll bouda hits you with a +0 whip.
* * * LOW HITPOINT WARNING * * *
The gnoll hits you from afar with a +0 spear.
* * * LOW HITPOINT WARNING * * *
The ufetubus hits you but does no damage.
The ufetubus hits you.
* * * LOW HITPOINT WARNING * * *
The ufetubus closely misses you. The ufetubus barely misses you.
The gnoll hits you from afar with a +0 spear.
You die...

##.....#
..##....#.######
.......))......#
...g...####....#
###########....#
............#
#######.o...#
##gg...# #
##.5@...#
..#######
#.g######
#.......# ##.##
#.......###..#
#.........g.##
.......g.####
.##.##..# #.(##
h.g5...........


You could see a gnoll sergeant, a gnoll bouda, an orc wizard, 2 gnolls and an
ufetubus.

Vanquished Creatures
  Pikel (D:4)
  Sigmund (D:2)
  A water moccasin (D:5)
  An ogre (D:5)
  4 lemures (D:4)
  A scorpion (D:5)
  A necrophage (D:5)
  4 wights (D:6)
  A quasit (D:6)
  3 jellies (D:4)
  2 hounds (D:5)
  Jessica (D:2)
  Natasha (thrice) (D:4)
  An orc wizard (D:5)
  A gnoll (D:6)
  5 adders
  2 shadow imps (D:5)
  4 worms
  3 dart slugs
  6 orcs
  5 endoplasms
  4 giant cockroaches
  12 hobgoblins
  9 jackals
  5 quokkas
  6 ball pythons
  2 bats
  2 frilled lizards
  6 goblins
  14 kobolds
  4 rats
115 creatures vanquished.

Vanquished Creatures (others)
  A demonic plant (D:6)
1 creature vanquished.

Grand Total: 116 creatures vanquished

Notes
Turn   | Place    | Note
-------+----------+-------------------------------------------
     0 | D:1      | LLlMATKO the Minotaur Berserker began the quest for the
                  | Orb.
     0 | D:1      | Reached XP level 1. HP: 19/19 MP: 0/0
   142 | D:1      | Reached XP level 2. HP: 25/27 MP: 1/1
   406 | D:1      | Noticed an eye of devastation
   408 | D:1      | Found a faded altar of an unknown god.
   410 | D:1      | Noticed a floating eye
   412 | D:1      | Reached ** piety under Trog
   417 | D:1      | Noticed a floating eye
   420 | D:1      | Noticed an eye of devastation
   670 | D:1      | Reached XP level 3. HP: 31/33 MP: 2/2
   847 | D:2      | Noticed Sigmund
   856 | D:2      | Killed Sigmund
   857 | D:2      | Reached XP level 4. HP: 32/41 MP: 3/3
   857 | D:2      | Reached XP level 5. HP: 36/47 MP: 4/4
  1023 | D:2      | Noticed Jessica
  1030 | D:2      | Killed Jessica
  1087 | D:2      | Identified the +0 chain mail of Ashenzari, Kissing {rPois
                  | rCorr Str-5 Int+2}
  1115 | D:2      | Reached skill level 5 in Axes
  1153 | D:2      | Reached skill level 5 in Fighting
  1485 | D:2      | Reached XP level 6. HP: 56/56 MP: 5/5
  2629 | D:4      | Noticed Natasha
  2640 | D:4      | Killed Natasha
  2688 | D:4      | Noticed Natasha
  2694 | D:4      | Killed Natasha
  2694 | D:4      | Reached *** piety under Trog
  2906 | D:4      | Noticed Pikel
  3082 | D:4      | Found a blossoming altar of Fedhas.
  3214 | D:4      | Noticed Natasha
  3224 | D:4      | Killed Natasha
  3466 | D:4      | Found an iron altar of Okawaru.
  3599 | D:4      | Killed Pikel
  3600 | D:4      | Reached skill level 5 in Armour
  3600 | D:4      | Reached skill level 5 in Dodging
  3600 | D:4      | Reached XP level 7. HP: 22/64 MP: 6/6
  3941 | D:4      | Found an iron altar of Okawaru.
  3962 | D:4      | Found a blossoming altar of Fedhas.
  4661 | D:5      | Entered Level 5 of the Dungeon
  4666 | D:5      | Reached XP level 8. HP: 51/71 MP: 7/7
  5158 | D:5      | Found a broken altar of Ashenzari.
  5936 | D:6      | HP: 3/73 [ufetubus (2)]
  5937 | D:6      | Slain by a gnoll

Illustrated notes

Levels and vault maps discovered:
D:1:      minmay_arrival_five_plusses, layout_basic,
          hellmonk_ecumenical_altar_watching_god, nrook_campfire
D:2:      layout_loops_ring, minmay_diced_spiral, uniq_jessica, uniq_sigmund
D:3:      layout_loops_corners, serial_glass, glass_columns_c, glass_columns_a
D:4:      layout_basic, okawaru_metal_pillars_1_2, fedhas_ov_isle_minmay,
          hangedman_decor_diamond_cutter, minmay_misc_feat_x, uniq_pikel,
          uniq_natasha
D:5:      layout_loops_ring, evilmike_ruin_ashenzari
D:6:      layout_rooms, chequers_ossuary_entry_cave, serial_demonic,
          serial_demonic_g, serial_demonic_a, serial_demonic_d,
          serial_demonic_c, serial_shops, nicolae_shop_waterfront,
          dreamdust_princess_bridge, minivault_11, hangedman_decor_growths

Skill      XL: |  1  2  3  4  5  6  7  8 |
---------------+-------------------------+-----
Axes           | 4 5 6 7 |  7.4
Fighting       | 4 5 6 7 |  7.5
Armour         | 3 4 5 6 |  6.9
Dodging        | 3 5 6 |  6.4

Action                   |  1- 3 |  4- 6 |  7- 9 || total
-------------------------+-------+-------+-------++-------
Melee: Hand axe          |    20 |       |       ||    20
       Headbutt          |     3 |    20 |    15 ||    38
       War axe           |    23 |   126 |    59 ||   208
       Punch             |       |     1 |       ||     1
Invok: Berserk           |     1 |     2 |     2 ||     5
  Use: Scroll            |       |       |     5 ||     5
Armor: Animal skin       |     7 |       |       ||     7
       Chain mail        |       |    66 |    43 ||   109
Dodge: Dodged            |    27 |    43 |    45 ||   115
